 Dungeon Crawl Stone Soup version 0.27.1-4-g1640c2035a (webtiles) character file.

Game seed: 17594477197198920825

22 Stomo444 the Skirmisher (level 2, -1/24 HPs)
             Began as a Demonspawn Fighter on Nov 13, 2021.
             Slain by an adder (2 damage)
             ... on level 2 of the Dungeon.
             The game lasted 00:00:52 (710 turns).

Stomo444 the Skirmisher (Demonspawn Fighter)         Turns: 710, Time: 00:00:52

Health: -1/24      AC:  6    Str: 16    XL:     2   Next: 68%
Magic:  2/2        EV:  7    Int:  9    God:
Gold:   78         SH:  8    Dex: 12    Spells: 1/1 levels left

rFire    . . .     SeeInvis .   a - +0 flail
rCold    . . .     Faith    .   c - +0 kite shield
rNeg     . . .     Spirit   .   b - +0 scale mail
rPois    .         Reflect  .   (no helmet)
rElec    .         Harm     .   (no cloak)
rCorr    .         Rampage  .   (no gloves)
Will     .....                  (no boots)
Stlth    ..........             (no amulet)
HPRegen  0.08/turn              (no ring)
MPRegen  0.08/turn              (no ring)

@: lethally poisoned (-1 -> -5)
A: claws 1
a: no special abilities


You were on level 2 of the Dungeon.
You visited 1 branch of the dungeon, and saw 2 of its levels.

You collected 78 gold pieces.

Inventory:

Hand Weapons
 a - a +0 flail (weapon)
Armour
 b - a +0 scale mail (worn)
 c - a +0 kite shield (worn)
Scrolls
 e - 2 scrolls of fear {unknown}
 i - a scroll of identify {unknown}
 k - a scroll of enchant weapon {unknown}
Potions
 d - a potion of might
 f - a potion of lignification {unknown}
 g - a potion of attraction {unknown}
 h - 2 potions of brilliance {unknown}
 j - a potion of haste {unknown}


   Skills:
 + Level 3.2 Fighting
 + Level 2.1 Maces & Flails
 + Level 2.9 Armour
 + Level 0.7 Dodging
 + Level 2.9 Shields


You had one spell level left.
You didn't know any spells.
Your spell library was empty.

Dungeon Overview and Level Annotations

Branches:
Dungeon (2/15)

Altars:


Innate Abilities, Weirdness & Mutations

You have sharp fingernails.


Message History

An adder is nearby!
You closely miss the adder. The adder bites you.
The adder bites you but does no damage.
You completely miss the adder. The adder bites you.
You are poisoned.
The adder poisons you! The adder bites you but does no damage.
You closely miss the adder.
You feel sick. The adder barely misses you. You block the adder's attack.
You closely miss the adder.
You feel sick. You block the adder's attack.
The adder bites you but does no damage.
You barely miss the adder.
You feel sick.
You are no longer poisoned.
You block the adder's attack. x2
You miss the adder. The adder bites you.
You are poisoned.
The adder poisons you! The adder barely misses you.
You miss the adder.
You feel sick.
The adder bites you but does no damage. x2
You barely miss the adder.
You feel sick. You block the adder's attack.
The adder bites you but does no damage.
You sock the adder!
The adder is almost dead.
You feel sick.
You are no longer poisoned.
You block the adder's attack. The adder completely misses you.
You miss the adder.
The adder is almost dead.
The adder barely misses you. The adder bites you.
* * * LOW HITPOINT WARNING * * *
You closely miss the adder.
The adder is almost dead.
The adder bites you.
* * * LOW HITPOINT WARNING * * *
You are lethally poisoned!
The adder poisons you! The adder bites you but does no damage.
You closely miss the adder.
The adder is almost dead.
* * * LOW HITPOINT WARNING * * *
You feel very sick. The adder bites you.
You die...

...# ...# ##... ### #...
#.. ##.. #########.. #.#
..# #.......#.###.# ..#
#......>#.##.# #.###
#.....S@$....# #....
#............## ##..#.
#.............## ##.....
#..............###......
#.........###.......#.##
#..#.##.....#..###..#.<#
#.#.# #.......(.....##.#
#.#. #..).....####.##.#
.........# #.....


You could see an adder.

Vanquished Creatures
  2 ball pythons (D:1)
  3 endoplasms (D:1)
  2 giant cockroaches (D:1)
  3 goblins (D:1)
  2 hobgoblins (D:1)
  A quokka (D:1)
  A bat (D:1)
  2 frilled lizards (D:1)
  2 kobolds (D:1)
18 creatures vanquished.

Notes
Turn   | Place    | Note
-------+----------+-------------------------------------------
     0 | D:1      | Stomo444 the Demonspawn Fighter began the quest for the
                  | Orb.
     0 | D:1      | Reached XP level 1. HP: 18/18 MP: 1/1
    40 | D:1      | Gained mutation: You have sharp fingernails. [demonic
                  | ancestry]
    40 | D:1      | Reached XP level 2. HP: 13/24 MP: 2/2
   287 | D:1      | Found a faded altar of an unknown god.
   710 | D:2      | HP: 1/24 [poisoned by an adder]
   710 | D:2      | Slain by an adder

Illustrated notes

Levels and vault maps discovered:
D:1:      giann_bridges, layout_rooms, shapermc_ecumenical_altar_totnotflames
D:2:      layout_loops_cross, uniq_jessica

Skill      XL: |  1  2 |
---------------+-------+-----
Maces & Flails | 2 |  2.1
Fighting       | |  3.2
Armour         | |  2.9
Dodging        | |  0.7
Shields        | |  2.9

Action                   || total
-------------------------++-------
Melee: Flail             ||    54
Armor: Scale mail        ||    25
Dodge: Dodged            ||    23
Block: Kite shield       ||    28
